Panthers vs Jets

Created - February 22 2012 at 18:07

Goals
1 2 3 T
Panthers 1 0 1 2
Jets 1 1 1 3
Shots
1 2 3 T
Panthers 16 3 4 23
Jets 8 10 7 25

Period #1

1. Panthers , Sam Gagner 18 (Matt Cullen, Patrik Berglund) at 4:51
2. Jets , Blake Comeau 12 (Martin Hanzal, Mark Giordano) at 10:08

Penalties :
Erik Cole (WPG) for Hooking (Minor) at 0:19, Andy McDonald (WPG) for Holding (Minor) at 11:08, Nick Schultz (WPG) for Roughing (Minor) at 15:27

Period #2

3. Jets , Daniel Sedin 35 (Henrik Sedin, Carlo Colaiacovo) at 10:00

Penalties :
Kyle Quincey (FLA) for Tripping (Minor) at 0:18, Mark Giordano (WPG) for Holding (Minor) at 4:40

Period #3

4. Panthers , Jonas Holos 1 (Jason Blake) at 3:52
5. Jets , Clarke MacArthur 15 (Andy McDonald, Mark Giordano) at 19:10

Penalties :
Martin Hanzal (WPG) for Hooking (Minor) at 1:42, Martin Hanzal (WPG) for Holding (Minor) at 7:44, Andy McDonald (WPG) for Holding (Minor) at 8:05, Dainius Zubrus (WPG) for Holding (Minor) at 19:23

Goalie Stats

Kevin Poulin (FLA), 8 saves from 9 shots - (0.889), 22:24 minutes
Semyon Varlamov (FLA), 14 saves from 16 shots - (0.875), L, 16-17-0, 37:19 minutes
Ilya Bryzgalov (WPG), 21 saves from 23 shots - (0.913), W, 31-21-6, 60:00 minutes

Players Stats

Panthers
Player Name              G  A  P  +/- PIM S  H  SB FO    MP 
------------------------------------------------------------
Andrew Brunette          0  0  0   0  0   1  0  0  6/10  20 
Anton Volchenkov         0  0  0  -1  0   1  0  3  0/0   17 
Chris Drury              0  0  0   0  0   0  1  1  6/9   22 
Daniel Alfredsson        0  0  0   0  0   0  0  0  0/0   12 
Dave Bolland             0  0  0  -1  0   1  0  0  3/9   14 
Dustin Penner            0  0  0  -1  0   0  4  0  9/20  24 
Jason Blake              0  1  1   0  0   1  1  0  7/13  20 
Jason Garrison           0  0  0   0  0   0  1  2  0/0   23 
John-Michael Liles       0  0  0   0  0   0  0  0  0/0   2  
Jonas Holos              1  0  1   0  0   3  0  0  0/0   21 
Kyle Quincey             0  0  0   0  2   3  0  0  0/0   22 
Lee Stempniak            0  0  0   0  0   2  2  0  0/1   19 
Matt Cullen              0  1  1   0  0   4  0  0  0/0   13 
Mike Santorelli          0  0  0  -2  0   2  0  0  2/3   23 
Patrik Berglund          0  1  1   1  0   0  0  0  2/5   3  
Ryan OByrne              0  0  0   0  0   2  0  3  0/0   22 
Ryan Smyth               0  0  0  -1  0   0  0  0  0/0   1  
Sam Gagner               1  0  1   0  0   3  2  0  1/2   21 
Jets
Player Name              G  A  P  +/- PIM S  H  SB FO    MP 
------------------------------------------------------------
Alex Goligoski           0  0  0  -1  0   2  0  1  0/0   24 
Andy McDonald            0  1  1   1  4   3  0  1  12/23 21 
Blake Comeau             1  0  1   1  0   5  2  0  0/1   18 
Cam Fowler               0  0  0  -2  0   0  1  0  0/0   21 
Carlo Colaiacovo         0  1  1   0  0   2  2  1  0/0   11 
Clarke MacArthur         1  0  1   2  0   2  0  0  0/1   14 
Dainius Zubrus           0  0  0   0  2   0  2  0  0/0   16 
Daniel Sedin             1  0  1   0  0   2  0  0  0/0   14 
Eric Fehr                0  0  0   0  0   0  0  0  0/0   0  
Erik Cole                0  0  0   0  2   1  5  0  0/0   20 
Henrik Sedin             0  1  1   0  0   1  0  0  14/23 22 
Jaroslav Spacek          0  0  0   0  0   0  0  0  0/0   0  
Mark Giordano            0  2  2   2  2   1  0  2  0/0   18 
Martin Erat              0  0  0   1  0   3  1  0  1/3   18 
Martin Hanzal            0  1  1   0  4   1  1  0  9/20  16 
Nick Schultz             0  0  0   0  2   0  0  1  0/0   20 
Tyler Ennis              0  0  0  -1  0   2  0  0  0/1   10 
Victor Hedman            0  0  0   2  0   0  2  2  0/0   24 

3 Stars

1 - Blake Comeau (WPG)
2 - Clarke MacArthur (WPG)
3 - Sam Gagner (FLA)

Power Play

Panthers - 0 on 8 Attempt(s) - 0.00%
Jets - 0 on 1 Attempt(s) - 0.00%

Penalty Kill

Panthers - 1 on 1 Attempt(s) - 100.00% - Score 0 goal in Penalty Kill
Jets - 8 on 8 Attempt(s) - 100.00% - Score 0 goal in Penalty Kill

Game Notes

Kevin Poulin is injured at 2:24 of 2nd period (Sprained Left Ankle)
Semyon Varlamov enters game at 2:24 of 2nd period

Finance

Level 1 -- Attendance: 5603 (93.38%) -- Ticket Income $504,270.00
Level 2 -- Attendance: 5000 (100.00%) -- Ticket Income $235,000.00
Level 3 -- Attendance: 2200 (100.00%) -- Ticket Income $72,600.00
Level 4 -- Attendance: 1015 (100.00%) -- Ticket Income $23,345.00
Luxury Box -- Attendance: 800 (100.00%) -- Ticket Income $136,000.00
Game was played at the MTS Center
Total Attendance: 14618 (97.36%)
Total Ticket Income: $975,793.00
Other Income: $219,512.10
Total Income: $1,195,305.00


Play by Play

Period #1

0:01 of 1st period - Henrik Sedin wins face-off versus Dustin Penner in neutral zone.
0:08 of 1st period - Shot by Alex Goligoski.
0:08 of 1st period - Stopped by Kevin Poulin with a rebound.
0:19 of 1st period - Minor Penalty to Erik Cole for Hooking.
0:20 of 1st period - Andy McDonald wins face-off versus Chris Drury in Jets zone.
1:41 of 1st period - Shot by Jason Garrison.
1:41 of 1st period - Shot Hit the Post.
1:43 of 1st period - Shot by Kyle Quincey.
1:43 of 1st period - Stopped by Ilya Bryzgalov without a rebound.
1:44 of 1st period - Andy McDonald wins face-off versus Dave Bolland in Jets zone.
1:44 of 1st period - Andy McDonald is hit by Dustin Penner.
2:02 of 1st period - Shot by Jonas Holos.
2:02 of 1st period - Shot Misses the Net.
2:04 of 1st period - Shot by Jonas Holos.
2:04 of 1st period - Stopped by Ilya Bryzgalov with a rebound.
2:06 of 1st period - Shot by Ryan OByrne.
2:06 of 1st period - Shot Misses the Net.
2:30 of 1st period - Shot by Tyler Ennis.
2:30 of 1st period - Stopped by Kevin Poulin without a rebound.
2:31 of 1st period - Jason Blake wins face-off versus Martin Hanzal in Panthers zone.
3:17 of 1st period - Off-side.
3:18 of 1st period - Henrik Sedin wins face-off versus Dustin Penner in neutral zone.
3:45 of 1st period - Shot by Dustin Penner.
3:45 of 1st period - Shot Misses the Net.
4:47 of 1st period - Shot by Matt Cullen.
4:47 of 1st period - Stopped by Ilya Bryzgalov with a rebound.
4:49 of 1st period - Shot by Patrik Berglund.
4:49 of 1st period - Deflect By Matt Cullen.
4:49 of 1st period - Shot Blocked by Alex Goligoski.
4:51 of 1st period - Shot by Sam Gagner.
4:51 of 1st period - Goal by Sam Gagner - Panthers : 1 - Jets : 0.
4:52 of 1st period - Mike Santorelli wins face-off versus Martin Hanzal in neutral zone.
4:56 of 1st period - Andrew Brunette is hit by Carlo Colaiacovo.
5:47 of 1st period - Shot by Sam Gagner.
5:47 of 1st period - Shot Misses the Net.
5:49 of 1st period - Shot by Sam Gagner.
5:49 of 1st period - Deflect By Dustin Penner.
5:49 of 1st period - Shot Blocked by Carlo Colaiacovo.
5:51 of 1st period - Shot by Matt Cullen.
5:51 of 1st period - Stopped by Ilya Bryzgalov without a rebound.
5:52 of 1st period - Andy McDonald wins face-off versus Lee Stempniak in Jets zone.
6:17 of 1st period - Shot by Blake Comeau.
6:17 of 1st period - Stopped by Kevin Poulin with a rebound.
6:21 of 1st period - Shot by Andy McDonald.
6:21 of 1st period - Stopped by Kevin Poulin without a rebound.
6:22 of 1st period - Dustin Penner wins face-off versus Martin Hanzal in Panthers zone.
6:41 of 1st period - Shot by Ryan OByrne.
6:41 of 1st period - Shot Misses the Net.
8:03 of 1st period - Shot by Mike Santorelli.
8:03 of 1st period - Stopped by Ilya Bryzgalov without a rebound.
8:04 of 1st period - Dustin Penner wins face-off versus Tyler Ennis in Jets zone.
8:05 of 1st period - Shot by Sam Gagner.
8:05 of 1st period - Shot Misses the Net.
8:19 of 1st period - Shot by Carlo Colaiacovo.
8:19 of 1st period - Stopped by Kevin Poulin with a rebound.
8:21 of 1st period - Shot by Carlo Colaiacovo.
8:21 of 1st period - Stopped by Kevin Poulin without a rebound.
8:22 of 1st period - Jason Blake wins face-off versus Andy McDonald in Panthers zone.
8:37 of 1st period - Shot by Daniel Alfredsson.
8:37 of 1st period - Shot Misses the Net.
9:55 of 1st period - Jason Garrison is hit by Martin Hanzal and loses puck.
10:08 of 1st period - Shot by Blake Comeau.
10:08 of 1st period - Goal by Blake Comeau - Panthers : 1 - Jets : 1.
10:09 of 1st period - Martin Hanzal wins face-off versus Dave Bolland in neutral zone.
10:24 of 1st period - Shot by Tyler Ennis.
10:24 of 1st period - Shot Blocked by Anton Volchenkov.
10:26 of 1st period - Shot by Martin Hanzal.
10:26 of 1st period - Shot Misses the Net.
10:28 of 1st period - Shot by Tyler Ennis.
10:28 of 1st period - Shot Blocked by Anton Volchenkov.
10:32 of 1st period - Shot by Dainius Zubrus.
10:32 of 1st period - Shot Blocked by Anton Volchenkov.
10:36 of 1st period - Shot by Dainius Zubrus.
10:36 of 1st period - Shot Hit the Post.
11:08 of 1st period - Minor Penalty to Andy McDonald for Holding.
11:09 of 1st period - Chris Drury wins face-off versus Henrik Sedin in Jets zone.
11:10 of 1st period - Shot by Jonas Holos.
11:10 of 1st period - Stopped by Ilya Bryzgalov with a rebound.
11:12 of 1st period - Shot by Ryan OByrne.
11:12 of 1st period - Stopped by Ilya Bryzgalov with a rebound.
11:24 of 1st period - Shot by Ryan OByrne.
11:24 of 1st period - Stopped by Ilya Bryzgalov without a rebound.
11:25 of 1st period - Henrik Sedin wins face-off versus Dave Bolland in Jets zone.
12:11 of 1st period - Clarke MacArthur is hit by Dustin Penner and loses puck.
12:55 of 1st period - Off-side.
12:56 of 1st period - Henrik Sedin wins face-off versus Patrik Berglund in neutral zone.
13:02 of 1st period - Icing by Kyle Quincey.
13:03 of 1st period - Patrik Berglund wins face-off versus Henrik Sedin in Panthers zone.
14:12 of 1st period - Shot by Martin Erat.
14:12 of 1st period - Stopped by Kevin Poulin without a rebound.
14:13 of 1st period - Martin Hanzal wins face-off versus Jason Blake in Panthers zone.
15:04 of 1st period - Shot by Andrew Brunette.
15:04 of 1st period - Stopped by Ilya Bryzgalov without a rebound.
15:05 of 1st period - Dustin Penner wins face-off versus Andy McDonald in Jets zone.
15:11 of 1st period - Icing by Cam Fowler.
15:12 of 1st period - Dustin Penner wins face-off versus Andy McDonald in Jets zone.
15:12 of 1st period - Dustin Penner is hit by Cam Fowler.
15:27 of 1st period - Minor Penalty to Nick Schultz for Roughing.
15:28 of 1st period - Henrik Sedin wins face-off versus Andrew Brunette in Jets zone.
16:45 of 1st period - Shot by Anton Volchenkov.
16:45 of 1st period - Stopped by Ilya Bryzgalov without a rebound.
16:46 of 1st period - Dave Bolland wins face-off versus Andy McDonald in Jets zone.
16:47 of 1st period - Shot by Daniel Alfredsson.
16:47 of 1st period - Shot Blocked by Andy McDonald.
16:49 of 1st period - Shot by Kyle Quincey.
16:49 of 1st period - Stopped by Ilya Bryzgalov without a rebound.
16:50 of 1st period - Dave Bolland wins face-off versus Andy McDonald in Jets zone.
17:08 of 1st period - Shot by Andrew Brunette.
17:08 of 1st period - Shot Blocked by Mark Giordano.
17:10 of 1st period - Shot by Matt Cullen.
17:10 of 1st period - Stopped by Ilya Bryzgalov with a rebound.
17:12 of 1st period - Shot by Andrew Brunette.
17:12 of 1st period - Shot Misses the Net.
17:36 of 1st period - Shot by Lee Stempniak.
17:36 of 1st period - Stopped by Ilya Bryzgalov without a rebound.
17:37 of 1st period - Andy McDonald wins face-off versus Jason Blake in Jets zone.
17:37 of 1st period - Martin Erat is hit by Lee Stempniak and loses puck.
17:52 of 1st period - Shot by Lee Stempniak.
17:52 of 1st period - Stopped by Ilya Bryzgalov without a rebound.
17:53 of 1st period - Martin Hanzal wins face-off versus Dustin Penner in Jets zone.
18:16 of 1st period - Shot by Jason Blake.
18:16 of 1st period - Stopped by Ilya Bryzgalov without a rebound.
18:17 of 1st period - Martin Erat wins face-off versus Jason Blake in Jets zone.
18:42 of 1st period - Off-side.
18:43 of 1st period - Dustin Penner wins face-off versus Martin Hanzal in neutral zone.
19:04 of 1st period - Icing by Sam Gagner.
19:05 of 1st period - Henrik Sedin wins face-off versus Dustin Penner in Panthers zone.
19:08 of 1st period - Shot by Henrik Sedin.
19:08 of 1st period - Shot Misses the Net.

Period #2

0:01 of 2nd period - Henrik Sedin wins face-off versus Dustin Penner in neutral zone.
0:01 of 2nd period - Henrik Sedin is hit by Dustin Penner.
0:18 of 2nd period - Minor Penalty to Kyle Quincey for Tripping.
0:19 of 2nd period - Chris Drury wins face-off versus Andy McDonald in Panthers zone.
1:21 of 2nd period - Jonas Holos is hit by Erik Cole and loses puck.
2:24 of 2nd period - Shot by Tyler Ennis.
2:24 of 2nd period - Stopped by Kevin Poulin without a rebound.
2:24 of 2nd period - Kevin Poulin from Panthers is injured at 2:24 of 2nd period (Sprained Left Ankle).
2:24 of 2nd period - Semyon Varlamov enters game.
2:25 of 2nd period - Dustin Penner wins face-off versus Martin Hanzal in Panthers zone.
3:26 of 2nd period - Shot by Martin Erat.
3:26 of 2nd period - Stopped by Semyon Varlamov without a rebound.
3:27 of 2nd period - Andrew Brunette wins face-off versus Henrik Sedin in Panthers zone.
3:40 of 2nd period - Mike Santorelli is hit by Erik Cole and loses puck.
3:45 of 2nd period - Shot by Daniel Sedin.
3:45 of 2nd period - Stopped by Semyon Varlamov without a rebound.
3:46 of 2nd period - Andrew Brunette wins face-off versus Andy McDonald in Panthers zone.
4:40 of 2nd period - Minor Penalty to Mark Giordano for Holding.
4:41 of 2nd period - Henrik Sedin wins face-off versus Dave Bolland in Jets zone.
4:41 of 2nd period - Henrik Sedin is hit by Sam Gagner.
5:38 of 2nd period - Off-side.
5:39 of 2nd period - Henrik Sedin wins face-off versus Chris Drury in neutral zone.
5:45 of 2nd period - Icing by Anton Volchenkov.
5:46 of 2nd period - Chris Drury wins face-off versus Henrik Sedin in Panthers zone.
6:01 of 2nd period - Shot by Jason Garrison.
6:01 of 2nd period - Shot Blocked by Victor Hedman.
6:06 of 2nd period - Shot by Jason Garrison.
6:06 of 2nd period - Shot Misses the Net.
6:08 of 2nd period - Shot by Sam Gagner.
6:08 of 2nd period - Shot Misses the Net.
7:45 of 2nd period - Shot by Sam Gagner.
7:45 of 2nd period - Stopped by Ilya Bryzgalov with a rebound.
7:47 of 2nd period - Shot by Jason Garrison.
7:47 of 2nd period - Shot Hit the Post.
7:49 of 2nd period - Shot by Jason Garrison.
7:49 of 2nd period - Shot Misses the Net.
8:01 of 2nd period - Sam Gagner is hit by Martin Erat.
9:07 of 2nd period - Icing by Alex Goligoski.
9:08 of 2nd period - Martin Hanzal wins face-off versus Jason Blake in Jets zone.
9:34 of 2nd period - Icing by Lee Stempniak.
9:35 of 2nd period - Henrik Sedin wins face-off versus Jason Blake in Panthers zone.
9:52 of 2nd period - Shot by Henrik Sedin.
9:52 of 2nd period - Shot Misses the Net.
9:56 of 2nd period - Shot by Daniel Sedin.
9:56 of 2nd period - Shot Blocked by Ryan OByrne.
10:00 of 2nd period - Shot by Daniel Sedin.
10:00 of 2nd period - Goal by Daniel Sedin - Panthers : 1 - Jets : 2.
10:01 of 2nd period - Martin Hanzal wins face-off versus Andrew Brunette in neutral zone.
10:06 of 2nd period - Daniel Alfredsson is hit by Dainius Zubrus and loses puck.
10:44 of 2nd period - Icing by Victor Hedman.
10:45 of 2nd period - Jason Blake wins face-off versus Martin Hanzal in Jets zone.
12:20 of 2nd period - Mark Giordano is hit by Sam Gagner and loses puck.
12:31 of 2nd period - Shot by Sam Gagner.
12:31 of 2nd period - Shot Misses the Net.
12:35 of 2nd period - Shot by Patrik Berglund.
12:35 of 2nd period - Shot Misses the Net.
13:42 of 2nd period - Shot by Blake Comeau.
13:42 of 2nd period - Stopped by Semyon Varlamov without a rebound.
13:43 of 2nd period - Martin Hanzal wins face-off versus Andrew Brunette in Panthers zone.
13:57 of 2nd period - Icing by Kyle Quincey.
13:58 of 2nd period - Andy McDonald wins face-off versus Sam Gagner in Panthers zone.
14:01 of 2nd period - Shot by Andy McDonald.
14:01 of 2nd period - Stopped by Semyon Varlamov without a rebound.
14:02 of 2nd period - Andy McDonald wins face-off versus Dustin Penner in Panthers zone.
14:05 of 2nd period - Shot by Blake Comeau.
14:05 of 2nd period - Shot Blocked by Jason Garrison.
14:25 of 2nd period - Shot by Sam Gagner.
14:25 of 2nd period - Stopped by Ilya Bryzgalov without a rebound.
14:26 of 2nd period - Jason Blake wins face-off versus Martin Hanzal in Jets zone.
14:32 of 2nd period - Matt Cullen is hit by Victor Hedman and loses puck.
15:15 of 2nd period - Shot by Andy McDonald.
15:15 of 2nd period - Shot Misses the Net.
15:19 of 2nd period - Shot by Blake Comeau.
15:19 of 2nd period - Shot Misses the Net.
15:21 of 2nd period - Shot by Martin Erat.
15:21 of 2nd period - Stopped by Semyon Varlamov without a rebound.
15:22 of 2nd period - Henrik Sedin wins face-off versus Dustin Penner in Panthers zone.
15:23 of 2nd period - Shot by Erik Cole.
15:23 of 2nd period - Stopped by Semyon Varlamov without a rebound.
15:24 of 2nd period - Dustin Penner wins face-off versus Blake Comeau in Panthers zone.
16:38 of 2nd period - Shot by Dave Bolland.
16:38 of 2nd period - Shot Misses the Net.
16:42 of 2nd period - Shot by Andrew Brunette.
16:42 of 2nd period - Shot Misses the Net.
16:44 of 2nd period - Shot by Jonas Holos.
16:44 of 2nd period - Shot Blocked by Victor Hedman.
17:02 of 2nd period - Icing by Kyle Quincey.
17:03 of 2nd period - Martin Hanzal wins face-off versus Dustin Penner in Panthers zone.
17:05 of 2nd period - Tyler Ennis is hit by Jason Garrison and loses puck.
18:23 of 2nd period - Shot by Blake Comeau.
18:23 of 2nd period - Shot Misses the Net.
18:25 of 2nd period - Shot by Andy McDonald.
18:25 of 2nd period - Stopped by Semyon Varlamov without a rebound.
18:26 of 2nd period - Andrew Brunette wins face-off versus Martin Hanzal in Panthers zone.
18:41 of 2nd period - Icing by Lee Stempniak.
18:42 of 2nd period - Andrew Brunette wins face-off versus Henrik Sedin in Panthers zone.
18:42 of 2nd period - Andrew Brunette is hit by Erik Cole.
18:52 of 2nd period - Shot by Mike Santorelli.
18:52 of 2nd period - Stopped by Ilya Bryzgalov with a rebound.
19:07 of 2nd period - Ryan OByrne is hit by Erik Cole and loses puck.
19:16 of 2nd period - Shot by Blake Comeau.
19:16 of 2nd period - Deflect By Henrik Sedin.
19:16 of 2nd period - Shot Misses the Net.
19:23 of 2nd period - Icing by Jonas Holos.
19:24 of 2nd period - Martin Hanzal wins face-off versus Andrew Brunette in Panthers zone.
19:27 of 2nd period - Shot by Clarke MacArthur.
19:27 of 2nd period - Stopped by Semyon Varlamov with a rebound.
19:46 of 2nd period - Icing by Ryan OByrne.
19:47 of 2nd period - Andrew Brunette wins face-off versus Martin Erat in Panthers zone.
19:47 of 2nd period - Ryan OByrne is hit by Blake Comeau and loses puck.

Period #3

0:01 of 3rd period - Henrik Sedin wins face-off versus Dustin Penner in neutral zone.
0:30 of 3rd period - Jason Garrison is hit by Erik Cole and loses puck.
0:54 of 3rd period - Shot by Blake Comeau.
0:54 of 3rd period - Stopped by Semyon Varlamov without a rebound.
0:55 of 3rd period - Andy McDonald wins face-off versus Jason Blake in Panthers zone.
1:38 of 3rd period - Shot by Blake Comeau.
1:38 of 3rd period - Stopped by Semyon Varlamov without a rebound.
1:39 of 3rd period - Dustin Penner wins face-off versus Martin Hanzal in Panthers zone.
1:39 of 3rd period - Dustin Penner is hit by Dainius Zubrus.
1:42 of 3rd period - Minor Penalty to Martin Hanzal for Hooking.
1:43 of 3rd period - Chris Drury wins face-off versus Henrik Sedin in Jets zone.
2:05 of 3rd period - Icing by Jason Garrison.
2:06 of 3rd period - Chris Drury wins face-off versus Andy McDonald in Panthers zone.
2:31 of 3rd period - Shot by Erik Cole.
2:31 of 3rd period - Shot Misses the Net.
3:09 of 3rd period - Shot by Dave Bolland.
3:09 of 3rd period - Stopped by Ilya Bryzgalov without a rebound.
3:10 of 3rd period - Andy McDonald wins face-off versus Chris Drury in Jets zone.
3:10 of 3rd period - Andy McDonald is hit by Chris Drury.
3:50 of 3rd period - Shot by Jason Blake.
3:50 of 3rd period - Shot Misses the Net.
3:52 of 3rd period - Shot by Jonas Holos.
3:52 of 3rd period - Goal by Jonas Holos - Panthers : 2 - Jets : 2.
3:53 of 3rd period - Jason Blake wins face-off versus Andy McDonald in neutral zone.
4:00 of 3rd period - Shot by Andy McDonald.
4:00 of 3rd period - Shot Blocked by Jason Garrison.
4:02 of 3rd period - Shot by Nick Schultz.
4:02 of 3rd period - Shot Misses the Net.
4:06 of 3rd period - Shot by Cam Fowler.
4:06 of 3rd period - Shot Misses the Net.
4:10 of 3rd period - Shot by Cam Fowler.
4:10 of 3rd period - Shot Blocked by Ryan OByrne.
4:12 of 3rd period - Shot by Nick Schultz.
4:12 of 3rd period - Shot Blocked by Ryan OByrne.
4:26 of 3rd period - Cam Fowler is hit by Jason Blake and loses puck.
4:55 of 3rd period - Shot by Martin Hanzal.
4:55 of 3rd period - Shot Misses the Net.
5:03 of 3rd period - Shot by Martin Hanzal.
5:03 of 3rd period - Shot Misses the Net.
5:35 of 3rd period - Shot by Henrik Sedin.
5:35 of 3rd period - Stopped by Semyon Varlamov with a rebound.
5:37 of 3rd period - Shot by Erik Cole.
5:37 of 3rd period - Shot Misses the Net.
5:41 of 3rd period - Shot by Henrik Sedin.
5:41 of 3rd period - Shot Misses the Net.
5:43 of 3rd period - Shot by Mark Giordano.
5:43 of 3rd period - Stopped by Semyon Varlamov without a rebound.
5:44 of 3rd period - Mike Santorelli wins face-off versus Andy McDonald in Panthers zone.
6:15 of 3rd period - Kyle Quincey is hit by Blake Comeau and loses puck.
6:46 of 3rd period - Shot by Clarke MacArthur.
6:46 of 3rd period - Deflect By Martin Hanzal.
6:46 of 3rd period - Stopped by Semyon Varlamov without a rebound.
6:47 of 3rd period - Dave Bolland wins face-off versus Henrik Sedin in Panthers zone.
6:59 of 3rd period - Dave Bolland is hit by Victor Hedman and loses puck.
7:33 of 3rd period - Andrew Brunette is hit by Carlo Colaiacovo and loses puck.
7:44 of 3rd period - Minor Penalty to Martin Hanzal for Holding.
7:45 of 3rd period - Chris Drury wins face-off versus Clarke MacArthur in Jets zone.
7:48 of 3rd period - Shot by Anton Volchenkov.
7:48 of 3rd period - Shot Blocked by Nick Schultz.
7:50 of 3rd period - Shot by Daniel Alfredsson.
7:50 of 3rd period - Shot Misses the Net.
8:05 of 3rd period - Minor Penalty to Andy McDonald for Holding.
8:06 of 3rd period - Patrik Berglund wins face-off versus Henrik Sedin in Jets zone.
8:11 of 3rd period - Shot by Daniel Alfredsson.
8:11 of 3rd period - Shot Blocked by Mark Giordano.
8:13 of 3rd period - Shot by Kyle Quincey.
8:13 of 3rd period - Stopped by Ilya Bryzgalov without a rebound.
8:14 of 3rd period - Henrik Sedin wins face-off versus Dave Bolland in Jets zone.
8:20 of 3rd period - Icing by Jonas Holos.
8:21 of 3rd period - Henrik Sedin wins face-off versus Dave Bolland in Panthers zone.
10:01 of 3rd period - Off-side.
10:02 of 3rd period - Sam Gagner wins face-off versus Martin Erat in neutral zone.
10:57 of 3rd period - Off-side.
10:58 of 3rd period - Andy McDonald wins face-off versus Dustin Penner in neutral zone.
11:07 of 3rd period - Shot by Andy McDonald.
11:07 of 3rd period - Shot Misses the Net.
12:47 of 3rd period - Daniel Sedin is hit by Dustin Penner and loses puck.
13:18 of 3rd period - Off-side.
13:19 of 3rd period - Andy McDonald wins face-off versus Mike Santorelli in neutral zone.
13:31 of 3rd period - Off-side.
13:32 of 3rd period - Jason Blake wins face-off versus Martin Hanzal in neutral zone.
13:55 of 3rd period - Martin Hanzal is hit by Lee Stempniak and loses puck.
14:09 of 3rd period - Icing by Ryan OByrne.
14:10 of 3rd period - Jason Blake wins face-off versus Andy McDonald in Panthers zone.
15:01 of 3rd period - Shot by Alex Goligoski.
15:01 of 3rd period - Stopped by Semyon Varlamov without a rebound.
15:02 of 3rd period - Andrew Brunette wins face-off versus Henrik Sedin in Panthers zone.
15:55 of 3rd period - Shot by Martin Erat.
15:55 of 3rd period - Shot Misses the Net.
15:59 of 3rd period - Shot by Andy McDonald.
15:59 of 3rd period - Shot Misses the Net.
16:13 of 3rd period - Shot by Andy McDonald.
16:13 of 3rd period - Shot Misses the Net.
16:32 of 3rd period - Shot by Erik Cole.
16:32 of 3rd period - Shot Misses the Net.
16:34 of 3rd period - Shot by Henrik Sedin.
16:34 of 3rd period - Shot Blocked by Chris Drury.
19:10 of 3rd period - Shot by Andy McDonald.
19:10 of 3rd period - Deflect By Clarke MacArthur.
19:10 of 3rd period - Goal by Clarke MacArthur - Panthers : 2 - Jets : 3.
19:11 of 3rd period - Dustin Penner wins face-off versus Martin Hanzal in neutral zone.
19:16 of 3rd period - Panthers, Semyon Varlamov is pulled from the net.
19:16 of 3rd period - Shot by Matt Cullen.
19:16 of 3rd period - Stopped by Ilya Bryzgalov without a rebound.
19:17 of 3rd period - Martin Hanzal wins face-off versus Dustin Penner in Jets zone.
19:23 of 3rd period - Minor Penalty to Dainius Zubrus for Holding.
19:24 of 3rd period - Andy McDonald wins face-off versus Patrik Berglund in Jets zone.
19:32 of 3rd period - Icing by Patrik Berglund.
19:33 of 3rd period - Semyon Varlamov from Panthers was sent back in the game.
19:33 of 3rd period - Andy McDonald wins face-off versus Patrik Berglund in Panthers zone.


Output by the SimonT Hockey Simulator (STHS) for Stephane Roy -- Original Page W3C XHTML 1.0 Valid